 Dungeon Crawl Stone Soup version 0.27.1 (webtiles) character file.

Game seed: 5549113871876021560

79385 pkoi the Fencer (level 15, -8/145 HPs)
             Began as a Minotaur Gladiator on Aug 26, 2021.
             Was a High Priest of Okawaru.
             Mangled by a tentacle (14 damage)
             ... attached to a kraken
             ... on level 1 of the Shoals.
             The game lasted 00:32:24 (19136 turns).

pkoi the Fencer (Minotaur Gladiator)               Turns: 19136, Time: 00:32:25

Health: -8/145     AC: 37    Str: 31    XL:     15   Next: 20%
Magic:  25/29      EV: 11    Int:  8    God:    Okawaru [*****.]
Gold:   1403       SH:  0    Dex: 15    Spells: 14/14 levels left

rFire    + . .     SeeInvis .   T - +8 great sword "Zounleb" {flame, rN+}
rCold    . . .     Faith    .   (shield currently unavailable)
rNeg     + . .     Spirit   .   B - +0 crystal plate armour of Bedevilment {rPois Regen+ rCorr Dex-3}
rPois    +         Reflect  .   I - +1 hat of the Slorg {rCorr}
rElec    +         Harm     .   v - +1 cloak
rCorr    +         Rampage  .   w - +1 pair of gloves of the Frog {rElec rF+ Dex+6}
Will     ++...     Rnd*Tele +   r - +0 pair of boots
Stlth    ..........             b - amulet of Akudwaik {Will+ Regen+ Int+3}
HPRegen  2.34/turn              S - ring "Soceisuvu" {Wiz *Slow MP+9 Slay+4}
MPRegen  0.21/turn              t - +6 ring of strength

@: heroic, finesse-ful
A: horns 2, retaliatory headbutt, shaggy fur 1, teleportitis 1
a: Renounce Religion, Heroism, Finesse


You were on level 1 of the Shoals.
You worshipped Okawaru.
Okawaru was extremely pleased with you.
You visited 4 branches of the dungeon, and saw 21 of its levels.
You also visited: Gauntlet, Ice Cave and Volcano.

You collected 1403 gold pieces.

Inventory:

Hand Weapons
 H - the +4 hand crossbow of Irritation {freeze, rF+}
   (You found it in a Gauntlet)

   Any ammunition fired from it freezes those it strikes, dealing additional
   cold damage.
   It can also slow down cold-blooded creatures.
   rF:        It protects you from fire.
 M - a +3 long sword of electrocution
 T - the +8 great sword "Zounleb" (weapon) {flame, rN+}
   (Okawaru gifted it to you on level 6 of the Lair of Beasts)

   It burns those it strikes, dealing additional fire damage.
   Big, fiery blades are also staple armaments of hydra-hunters.
   rN:        It protects you from negative energy.
Missiles
 d - 4 throwing nets
 f - 25 boomerangs (quivered)
 u - 19 javelins
 F - 12 boomerangs of dispersal
Armour
 r - a +0 pair of boots (worn)
 v - a +1 cloak (worn)
 w - the +1 pair of gloves of the Frog (worn) {rElec rF+ Dex+6}
   (Okawaru gifted it to you in a Gauntlet)

   Dex:       It affects your dexterity (+6).
   rF:        It protects you from fire.
   rElec:     It insulates you from electricity.
 B - the +0 crystal plate armour of Bedevilment (worn) {rPois Regen+ rCorr Dex-3}
   (Okawaru gifted it to you on level 7 of the Dungeon)

   Dex:       It affects your dexterity (-3).
   rPois:     It protects you from poison.
   Regen:     It increases your rate of health regeneration.
   rCorr:     It protects you from acid and corrosion.
 I - the +1 hat of the Slorg (worn) {rCorr}
   (You found it in a Gauntlet)

   rCorr:     It protects you from acid and corrosion.
Jewellery
 b - the amulet of Akudwaik (around neck) {Will+ Regen+ Int+3}
   (You acquired it on level 5 of the Dungeon)

   [amulet of regeneration]

   Int:       It affects your intelligence (+3).
   Regen:     It increases your rate of health regeneration.
   Will:      It increases your willpower.
 p - a ring of positive energy
 t - a +6 ring of strength (right hand)
 R - a ring of see invisible
 S - the ring "Soceisuvu" (left hand) {Wiz *Slow MP+9 Slay+4}
   (You found it in a Gauntlet)

   [ring of wizardry]

   It improves your spell success rate.
   Slay:      It affects your accuracy & damage with ranged weapons and melee
   (+4).
   MP:        It affects your magic capacity (+9).
   *Slow:     It may slow you when you take damage.
Wands
 c - a wand of paralysis (6)
 l - a wand of digging (5)
 m - a wand of charming (6)
 o - a wand of flame (71)
 D - a wand of polymorph (13)
 K - a wand of acid (16)
 O - a wand of iceblast (9)
Scrolls
 a - 3 scrolls of identify
 e - 4 scrolls of fear
 h - 12 scrolls of teleportation
 q - 3 scrolls of magic mapping
 y - 6 scrolls of fog
 z - 2 scrolls of blinking
 A - 3 scrolls of amnesia
 G - a scroll of holy word
 J - a scroll of summoning
 L - a scroll of silence {unknown}
 N - a scroll of enchant armour
Potions
 g - 5 potions of resistance
 i - 2 potions of berserk rage
 j - 3 potions of might
 k - 3 potions of cancellation
 n - 4 potions of curing
 s - 2 potions of flight
 x - 2 potions of brilliance
 C - 3 potions of haste
 E - 5 potions of heal wounds
 P - 2 potions of invisibility
 Q - a potion of magic


   Skills:
 + Level 16.3(21.3) Fighting
 + Level 18.7(23.7) Long Blades
 - Level 3.1(8.1) Throwing
 + Level 16.2(21.2) Armour
 - Level 3.2(8.2) Dodging
 - Level 8.0 Invocations


You had 14 spell levels left.
You didn't know any spells.
Your spell library contained the following spells:

 Spells                   Type           Power      Damage    Failure   Level
 Animate Skeleton         Necr           0%         N/A       78%         1
 Apportation              Tloc           0%         N/A       78%         1
 Beastly Appendage        Tmut           0%         N/A       78%         1
 Corona                   Hex            0%         N/A       78%         1
 Foxfire                  Conj/Fire      0%         2x1d4     78%         1
 Magic Dart               Conj           0%         1d3       78%         1
 Summon Small Mammal      Summ           0%         N/A       78%         1
 Searing Ray              Conj           0%         3d3       89%         2
 Slow                     Hex            0%         N/A       89%         2
 Wereblood                Tmut           0%         N/A       89%         2
 Call Canine Familiar     Summ           0%         N/A       98%         3
 Confusing Touch          Hex            0%         N/A       98%         3
 Conjure Flame            Conj/Fire      0%         6-21      98%         3
 Gell's Gravitas          Tloc           0%         N/A       98%         3
 Ignite Poison            Fire/Tmut/Pois 0%         N/A       98%         3
 Inner Flame              Hex/Fire       0%         N/A       98%         3
 Mephitic Cloud           Conj/Pois/Air  0%         N/A       98%         3
 Ozocubu's Armour         Ice            0%         N/A       98%         3
 Portal Projectile        Hex/Tloc       0%         N/A       98%         3
 Spider Form              Tmut/Pois      0%         N/A       98%         3
 Summon Guardian Golem    Hex/Summ       0%         N/A       98%         3
 Teleport Other           Tloc           0%         N/A       98%         3
 Tukima's Dance           Hex            0%         N/A       98%         3
 Vampiric Draining        Necr           0%         2d6       98%         3
 Fulminant Prism          Conj/Hex       0%         3d6       100%        4
 Iskenderun's Mystic Bla  Conj/Tloc      0%         2d3       100%        4
 Leda's Liquefaction      Hex/Erth       0%         N/A       100%        4
 Passage of Golubria      Tloc           N/A        N/A       100%        4
 Petrify                  Tmut/Erth      0%         N/A       100%        4
 Blade Hands              Tmut           0%         N/A       100%        5
 Bolt of Magma            Conj/Fire/Erth 0%         4d4       100%        5
 Excruciating Wounds      Necr           0%         N/A       100%        5
 Fireball                 Conj/Fire      0%         3d3       100%        5
 Lee's Rapid Deconstruct  Erth           0%         3d5*      100%        5
 Metabolic Englaciation   Hex/Ice        0%         N/A       100%        5
 Summon Forest            Summ/Tloc      0%         N/A       100%        5
 Yara's Violent Unravell  Hex/Tmut       0%         3d3       100%        5
 Conjure Ball Lightning   Conj/Air       0%         3x3d6     100%        6
 Dispersal                Tloc           0%         N/A       100%        6
 Eringya's Noxious Bog    Tmut/Pois      0%         N/A       100%        6
 Statue Form              Tmut/Erth      0%         N/A       100%        6
 Orb of Destruction       Conj           0%         N/A       100%        7
 Ozocubu's Refrigeration  Ice            0%         4d5       100%        7
 Spellforged Servitor     Conj/Summ      0%         N/A       100%        7
 Summon Hydra             Summ           0%         N/A       100%        7
 Discord                  Hex            0%         N/A       100%        8
 Disjunction              Tloc           0%         N/A       100%        8


Dungeon Overview and Level Annotations

Branches:
Dungeon (13/15)            Temple (1/1) D:6            Lair (6/6) D:8
 Shoals (1/4) Lair:2       Spider (0/4) Lair:4        Slime (0/5) Lair:5
    Orc (0/2) D:12          IceCv (visited)         Volcano (visited)
Gauntlet (visited)
 Vaults: D:13-14

Altars:
Ashenzari
Cheibriados
Dithmenos
Elyvilon
Fedhas
Gozag
Hepliaklqana
Kikubaaqudgha
Makhleb
Nemelex Xobeh
Okawaru
Qazlal
Ru
Sif Muna
Trog
Uskayaw
Vehumet
Wu Jian
Xom
Yredelemnul
Zin
The Shining One
Beogh
Jiyva

Shops:
D:2 :

Annotations:
Lair:6 3 runed translucent doors, dtburroughs's ghost, journeyman MiBe


Innate Abilities, Weirdness & Mutations

You have a pair of horns on your head.
You reflexively headbutt those who attack you in melee.
You are covered in fur. (AC +1)
You are occasionally teleported next to monsters.


Message History

The tentacle is heavily wounded.
The tentacle slaps you!
* * * LOW HITPOINT WARNING * * *
The tentacle slaps you but does no damage.
The merfolk closely misses you.
You carve the tentacle like a ham!!! You burn the tentacle!
You kill the tentacle!
Unknown command.
The tentacle slaps you but does no damage.
The merfolk hits you but does no damage. x2
The tentacle slaps you but does no damage.
The merfolk hits you but does no damage.
A tentacle segment comes into view.
The tentacle slaps you but does no damage.
The merfolk barely misses you. You furiously retaliate!
You headbutt the merfolk!!
You riposte.
You slice the merfolk!! You burn the merfolk. You headbutt the merfolk!
The merfolk is almost dead.
The merfolk hits you but does no damage.
The merfolk hits you from afar with a +0 trident!
* * * LOW HITPOINT WARNING * * *
The tentacle closely misses you. The merfolk hits you with a +0 trident!
* * * LOW HITPOINT WARNING * * *
Tentacles burst out of the water!
The merfolk hits you but does no damage. 3 tentacles come into view.
Unknown command.
The merfolk hits you with a +0 trident!
* * * LOW HITPOINT WARNING * * *
The tentacle slaps you!
* * * LOW HITPOINT WARNING * * *
The merfolk completely misses you.
The tentacle slaps you but does no damage.
There is a staircase back to the Lair, spattered with blood here.
You can't go down here!
Unknown command.
Unknown command.
The tentacle slaps you!
You die...

≈≈≈≈≈...(..≈≈≈≈......≈≈
≈≈≈≈≈≈≈.≈≈ ...≈.≈≈≈≈≈≈≈≈
≈≈≈≈≈≈≈≈≈###....≈≈≈≈≈≈≈≈
≈≈≈≈≈≈≈≈..##....≈≈≈≈≈≈≈≈
≈≈≈≈≈≈≈...##.≈..≈≈≈≈≈≈≈≈
≈≈≈≈≈≈≈≈.......≈≈≈≈≈≈≈≈≈
≈≈≈≈≈≈≈.........≈≈≈≈≈≈≈≈
≈≈≈≈≈≈).@w......≈≈≈≈≈≈≈≈
≈...≈≈≈.mw│w...≈≈≈≈≈≈≈≈≈
.......mm│││...≈≈≈≈≈≈≈≈≈
.........│││...≈≈≈≈≈≈≈≈≈
........│/*...≈≈≈≈≈≈≈≈≈≈
≈≈≈≈≈≈≈≈X§≈≈..≈≈≈≈≈≈≈≈≈≈
≈≈≈≈≈≈≈≈≈≈≈≈≈≈≈≈≈≈≈≈≈≈≈.
≈≈≈≈≈≈≈≈≈≈≈≈≈≈≈≈≈≈≈≈≈≈≈.
≈≈≈≈≈≈≈≈≈≈≈≈≈≈≈≈≈≈≈≈≈.


You could see a kraken, 3 merfolk and 3 tentacles.

Vanquished Creatures
  A kraken (Shoals:1)
  Gastronok (Lair:3)
  3 slime creatures
  A minotaur (Gauntlet)
  A dire elephant (Lair:3)
  Josephine (Lair:4)
  11 hydras
  A hell beast (Gauntlet)
  A catoblepas (Lair:6)
  A centaur warrior (D:13)
  3 death yaks (Lair:6)
  5 two-headed ogres
  A thrashing horror (Gauntlet)
  Sonja (Lair:3)
  A fire crab (Volcano)
  4 lindwurms
  An orc knight (D:12)
  5 ugly things
  2 cyclopes
  2 manticores (Lair:6)
  9 black mambas
  13 elephants
  3 ice statues (IceCv)
  21 cane toads
  2 molten gargoyles (Volcano)
  A torpor snail (Lair:2)
  A gargoyle (D:12)
  Psyche (D:10)
  2 unseen horrors
  2 ice devils (D:12)
  An entropy weaver simulacrum (IceCv)
  3 rime drakes (Lair:4)
  9 komodo dragons
  2 trolls
  2 polar bears
  A merfolk (Shoals:1)
  A wind drake (Shoals:1)
  22 blink frogs
  2 hornets
  12 dream sheep
  A snapping turtle (Shoals:1)
  2 dire elephant simulacra (IceCv)
  A vampire (D:10)
  4 small abominations (Gauntlet)
  3 shadows
  4 wraiths
  15 wyverns
  A tarantella (shapeshifter) (Gauntlet)
  9 fire bats (Volcano)
  4 basilisks
  50 yaks
  A death yak simulacrum (IceCv)
  3 steam dragons
  A swamp worm (shapeshifter) (Gauntlet)
  2 acid dragons
  13 water moccasins
  A hell hound (Volcano)
  3 orc warriors
  A black bear (D:5)
  An ogre (D:5)
  13 wolves
  2 ice beasts
  2 necrophages
  13 centaurs
  A phantom (D:5)
  3 kobold brigands
  5 bullfrogs
  4 scorpions
  A gnoll sergeant (D:10)
  A cane toad simulacrum (IceCv)
  3 water moccasin zombies
  An elephant simulacrum (IceCv)
  24 killer bees
  A wight (D:10)
  An electric eel (Lair:3)
  3 howler monkeys
  4 centaur zombies
  6 lava snakes (Volcano)
  4 jellies
  9 orc priests
  3 bullfrog skeletons
  3 hounds
  7 iguanas
  3 orc wizards
  2 wolf simulacra (IceCv)
  3 killer bee zombies
  5 gnolls
  8 adders
  A howler monkey skeleton (D:4)
  2 adder skeletons
  4 worms
  2 dart slugs
  35 orcs
  7 ball pythons
  11 endoplasms
  6 giant cockroaches
  5 goblins
  6 hobgoblins
  A jackal (D:2)
  24 kobolds
  6 quokkas
  2 bats
  4 rats
  6 tentacles (Shoals:1)
534 creatures vanquished.

Vanquished Creatures (others)
  22 fungi
  59 plants
  7 tentacles (Shoals:1)
  14 toadstools (Lair:3)
102 creatures vanquished.

Grand Total: 636 creatures vanquished

Notes
Turn   | Place    | Note
-------+----------+-------------------------------------------
     0 | D:1      | pkoi the Minotaur Gladiator began the quest for the Orb.
     0 | D:1      | Reached XP level 1. HP: 18/18 MP: 0/0
   142 | D:1      | Reached skill level 4 in Long Blades
   162 | D:1      | Reached XP level 2. HP: 8/25 MP: 1/1
   706 | D:1      | Reached skill level 5 in Long Blades
   856 | D:1      | Reached XP level 3. HP: 30/30 MP: 2/2
  1065 | D:2      | Found Fury's Book Emporium.
  1496 | D:2      | Found a faded altar of an unknown god.
  1535 | D:2      | Reached skill level 1 in Armour
  1615 | D:2      | Reached XP level 4. HP: 37/37 MP: 3/3
  1685 | D:2      | Became a worshipper of Warmaster Okawaru
  1685 | D:2      | Reached * piety under Okawaru
  1791 | D:3      | Reached skill level 6 in Long Blades
  1791 | D:3      | Reached XP level 5. HP: 26/45 MP: 4/4
  2009 | D:3      | Noticed an ice beast
  2012 | D:3      | Reached skill level 1 in Invocations
  2024 | D:3      | Killed an ice beast
  2025 | D:3      | Reached XP level 6. HP: 12/52 MP: 4/6
  2730 | D:3      | Reached ** piety under Okawaru
  2950 | D:4      | Reached skill level 7 in Long Blades
  2962 | D:4      | Reached XP level 7. HP: 18/60 MP: 7/7
  3600 | D:5      | Entered Level 5 of the Dungeon
  3627 | D:5      | Noticed a two-headed ogre
  3633 | D:5      | Killed a two-headed ogre
  3633 | D:5      | Reached *** piety under Okawaru
  3634 | D:5      | Reached skill level 5 in Fighting
  3634 | D:5      | Reached skill level 8 in Long Blades
  3634 | D:5      | Reached XP level 8. HP: 39/69 MP: 5/9
  3894 | D:5      | Reached skill level 9 in Long Blades
  3967 | D:5      | Reached skill level 5 in Armour
  3983 | D:5      | Identified a scroll of acquirement
  3983 | D:5      | Acquired the amulet of Akudwaik {Will+ Regen+ Int+3}
  4068 | D:5      | Reached **** piety under Okawaru
  4379 | D:5      | Reached skill level 10 in Long Blades
  4554 | D:5      | Reached XP level 9. HP: 78/78 MP: 11/11
  4803 | D:6      | Identified the +4 mace of Spring {drain, Dex+2}
  5094 | D:6      | Received a gift from Okawaru
  5262 | D:6      | Found a staircase to the Ecumenical Temple.
  5443 | D:6      | Found a glowing silver altar of Zin.
  5444 | D:6      | Noticed an angel
  5666 | D:6      | Reached skill level 5 in Invocations
  5725 | Temple   | Entered the Ecumenical Temple
  6019 | D:7      | Reached skill level 11 in Long Blades
  6903 | D:8      | Reached ***** piety under Okawaru
  6947 | D:8      | Noticed a brown ugly thing
  6957 | D:8      | HP: 2/81 [acid (10)]
  6967 | D:8      | HP: 3/81 [acid (10)]
  7095 | D:8      | Reached XP level 10. HP: 83/88 MP: 13/13
  7125 | D:7      | Identified the +0 crystal plate armour of Bedevilment
                  | {rPois Regen+ rCorr Dex-3} (Okawaru gifted it to you on
                  | level 7 of the Dungeon)
  7125 | D:7      | Received a gift from Okawaru
  7332 | D:8      | Found a staircase to the Lair.
  7379 | D:8      | Found a shimmering altar of Xom.
  7443 | D:8      | Reached skill level 12 in Long Blades
  7450 | D:8      | Killed a brown ugly thing
  7780 | D:8      | Found an iron altar of Okawaru.
  7781 | D:8      | Found a broken altar of Ashenzari.
  7781 | D:8      | Found an ancient bone altar of Kikubaaqudgha.
  7782 | D:8      | Found a snail-covered altar of Cheibriados.
  7783 | D:8      | Found a stormy altar of Qazlal.
  7784 | D:8      | Found a sparkling altar of Nemelex Xobeh.
  7786 | D:8      | Found an opulent altar of Gozag.
  7867 | D:9      | Noticed a cyclops
  7875 | D:9      | Killed a cyclops
  7906 | D:9      | Noticed a two-headed ogre
  7927 | D:9      | Killed a two-headed ogre
  7982 | D:9      | Noticed a two-headed ogre
  7984 | D:9      | Reached skill level 13 in Long Blades
  8000 | D:9      | Killed a two-headed ogre
  8020 | D:9      | HP: 4/91 [poisoned by a killer bee]
  8023 | D:9      | Reached XP level 11. HP: 13/97 MP: 15/15
  8634 | D:10     | Entered Level 10 of the Dungeon
  8776 | D:10     | Noticed Psyche
  8790 | D:10     | Killed Psyche
  8844 | D:10     | Noticed a two-headed ogre
  8856 | D:10     | Killed a two-headed ogre
  9061 | D:10     | Received a gift from Okawaru
  9417 | D:11     | Reached skill level 10 in Fighting
  9417 | D:11     | Reached skill level 14 in Long Blades
  9608 | D:11     | Noticed a two-headed ogre
  9613 | D:11     | Killed a two-headed ogre
 10195 | D:12     | Noticed a cyan ugly thing
 10202 | D:12     | Killed a cyan ugly thing
 10206 | D:12     | Received a gift from Okawaru
 10207 | D:12     | Reached skill level 10 in Armour
 10216 | D:12     | Found a gate leading to a gauntlet.
 10225 | Gauntlet | Entered a Gauntlet
 10225 | Gauntlet | Found a transporter.
 10225 | Gauntlet | Found a transporter.
 10241 | Gauntlet | Found a transporter.
 10245 | Gauntlet | Found a transporter.
 10247 | Gauntlet | Found a large runed translucent door.
 10248 | Gauntlet | Found a large runed translucent door.
 10249 | Gauntlet | Found a large runed translucent door.
 10249 | Gauntlet | Found a large runed translucent door.
 10249 | Gauntlet | Found a runed translucent door.
 10249 | Gauntlet | Found a runed translucent door.
 10250 | Gauntlet | Found a large runed translucent door.
 10251 | Gauntlet | Found a large runed translucent door.
 10252 | Gauntlet | Found a large runed translucent door.
 10252 | Gauntlet | Found a large runed translucent door.
 10253 | Gauntlet | Found a runed translucent gate.
 10253 | Gauntlet | Found a runed translucent gate.
 10253 | Gauntlet | Found a runed translucent gate.
 10255 | Gauntlet | Found a transporter.
 10259 | Gauntlet | Found a transporter.
 10269 | Gauntlet | Found a transporter.
 10291 | Gauntlet | Noticed a hell beast
 10293 | Gauntlet | Found a transporter.
 10307 | Gauntlet | Found a transporter.
 10311 | Gauntlet | Found a transporter.
 10321 | Gauntlet | Found a transporter.
 10325 | Gauntlet | Found a transporter.
 10326 | Gauntlet | Noticed a thrashing horror
 10336 | Gauntlet | Noticed an orb spider
 10336 | Gauntlet | a cane toad changed into an orb spider
 10361 | Gauntlet | Found a large runed translucent door.
 10362 | Gauntlet | Found a large runed translucent door.
 10363 | Gauntlet | Found a large runed translucent door.
 10363 | Gauntlet | Found a large runed translucent door.
 10364 | Gauntlet | Found a large runed translucent door.
 10365 | Gauntlet | Found a large runed translucent door.
 10366 | Gauntlet | Found a large runed translucent door.
 10366 | Gauntlet | Found a large runed translucent door.
 10446 | Gauntlet | Identified the +4 hand crossbow of Irritation {freeze, rF+}
 10470 | Gauntlet | Killed a thrashing horror
 10480 | Gauntlet | Identified the +1 hat of the Slorg {rCorr}
 10555 | Gauntlet | Killed a hell beast
 10564 | Gauntlet | Identified the +0 pair of gloves "Sixtuivo" {rPois rF- rC++
                  | Str+3}
 10630 | Gauntlet | Identified the ring of Devotion {Str+6 SInv}
 10630 | Gauntlet | Noticed a minotaur
 10663 | Gauntlet | HP: 7/151 [minotaur (19)]
 10665 | Gauntlet | Killed a minotaur
 10665 | Gauntlet | Identified the +1 pair of gloves of the Frog {rElec rF+
                  | Dex+6} (Okawaru gifted it to you in a Gauntlet)
 10665 | Gauntlet | Received a gift from Okawaru
 10666 | Gauntlet | Reached XP level 12. HP: 10/110 MP: 11/17
 10691 | Gauntlet | Identified the ring "Soceisuvu" {Wiz *Slow MP+9 Slay+4}
 10733 | D:12     | Gained mutation: You are robust. (+10% HP) [potion of
                  | mutation]
 10733 | D:12     | Gained mutation: You are occasionally teleported next to
                  | monsters. [potion of mutation]
 10733 | D:12     | Gained mutation: You have an increased reservoir of magic.
                  | (+10% MP) [potion of mutation]
 10907 | D:12     | Found a staircase to the Orcish Mines.
 10925 | D:12     | Noticed a six-headed hydra
 10936 | D:12     | Found a frozen archway.
 10954 | IceCv    | Entered an ice cave
 11241 | IceCv    | Reached skill level 15 in Long Blades
 11268 | IceCv    | Found the ring of Shadows {Umbra +Inv Stlth+}
 11278 | IceCv    | Got the Catalogue of Attacks and the Arsonist
 11605 | D:12     | Killed a 13-headed hydra
 12001 | D:13     | Noticed a centaur warrior
 12016 | D:13     | Killed a centaur warrior
 12019 | D:13     | Noticed a tengu warrior
 12038 | D:13     | Noticed a seven-headed hydra
 12206 | Lair:1   | Entered Level 1 of the Lair of Beasts
 12423 | Lair:1   | Identified the +3 whip "Tyss" {holy, rN+}
 12439 | Lair:1   | Received a gift from Okawaru
 12476 | Lair:1   | Reached XP level 13. HP: 126/130 MP: 19/19
 12548 | Lair:1   | Reached skill level 16 in Long Blades
 12929 | Lair:2   | Found a staircase to the Shoals.
 13146 | Lair:2   | Found a bloodstained altar of Trog.
 13258 | Lair:2   | Reached ****** piety under Okawaru
 14140 | Lair:3   | Noticed a dire elephant
 14160 | Lair:3   | Found a runed translucent door.
 14208 | Lair:3   | Noticed Gastronok
 14219 | Lair:3   | Killed Gastronok
 14219 | Lair:3   | Received a gift from Okawaru
 14220 | Lair:3   | Reached skill level 17 in Long Blades
 14322 | Lair:3   | Noticed Sonja
 14336 | Lair:3   | Killed Sonja
 14852 | Lair:3   | Killed a dire elephant
 14989 | Lair:4   | Found a dark tunnel.
 15001 | Volcano  | Entered a volcano
 15104 | Volcano  | Reached XP level 14. HP: 139/146 MP: 21/21
 15292 | Volcano  | Found a burning altar of Makhleb.
 15339 | Volcano  | Received a gift from Okawaru
 15650 | Lair:4   | Found a hole to the Spider Nest.
 15890 | Lair:4   | Noticed Josephine
 15898 | Lair:4   | Killed Josephine
 16613 | Lair:5   | Reached skill level 15 in Fighting
 16661 | Lair:5   | Reached skill level 15 in Armour
 16822 | Lair:5   | Found a staircase to the Slime Pits.
 17184 | Lair:5   | Reached skill level 18 in Long Blades
 17188 | Lair:5   | Identified the -5 pair of boots "Voll" {*Corrode Regen+
                  | Int+4} (Okawaru gifted it to you on level 5 of the Lair of
                  | Beasts)
 17188 | Lair:5   | Received a gift from Okawaru
 17359 | Lair:5   | Lost mutation: You are robust. (+10% HP) [potion of
                  | mutation]
 17359 | Lair:5   | Lost mutation: You have an increased reservoir of magic.
                  | (+10% MP) [potion of mutation]
 17359 | Lair:5   | Gained mutation: You are covered in fur. (AC +1) [potion of
                  | mutation]
 17809 | Lair:6   | Entered Level 6 of the Lair of Beasts
 18057 | Lair:6   | Noticed a quicksilver ooze
 18058 | Lair:6   | Found a runed translucent gate.
 18059 | Lair:6   | Found a runed translucent gate.
 18060 | Lair:6   | Found a runed translucent gate.
 18061 | Lair:6   | Noticed dtburroughs's ghost (journeyman MiBe)
 18061 | Lair:6   | Noticed a quicksilver ooze
 18064 | Lair:6   | Found a viscous altar of Jiyva.
 18343 | Lair:6   | Reached XP level 15. HP: 130/144 MP: 20/20
 18353 | Lair:6   | Identified the +8 great sword "Zounleb" {flame, rN+}
                  | (Okawaru gifted it to you on level 6 of the Lair of Beasts)
 18353 | Lair:6   | Received a gift from Okawaru
 19082 | Shoals:1 | Entered Level 1 of the Shoals
 19105 | Shoals:1 | Noticed a kraken
 19115 | Shoals:1 | Noticed a kraken
 19121 | Shoals:1 | Killed a kraken
 19135 | Shoals:1 | HP: 4/145 [tentacle[a kraken] (10)]
 19136 | Shoals:1 | Mangled by a tentacle

Illustrated notes

Levels and vault maps discovered:
D:1:      lemuel_arrival_behind_the_door_small, layout_loops_cross
D:2:      minmay_chambers_of_twos, layout_rooms,
          ebering_ecumenical_altar_sacrificial, serial_shops, shop
D:3:      kennysheep_big_flooded_room, layout_basic, grunt_decor_fettered,
          grunt_ministairs_15
D:4:      layout_basic, minivault_24, grunt_ministairs_2, dk_noncrumbling_3,
          serial_bayou_pond_a
D:5:      layout_gridville, minmay_misc_feat_cross, kennysheep_minor_cross
D:6:      layout_cave_pods, zin_angel, minmay_temple_entry_wispy
D:7:      layout_layer_cave
D:8:      layout_cave_pools, tgw_xom, minitemple, dpeg_oklobed_lair,
          kennysheep_small_square
D:9:      layout_loops_ring
D:10:     layout_cave_pools, roderic_serpentine_path, corexii_leaking_fountain,
          st_stairs_1, uniq_psyche
D:11:     layout_roguey, minmay_unpleasant_kobolds
D:12:     layout_basic, david_orc_5, gauntlet_entry_generic,
          portal_ice_cave_demonic_guard
D:13:     layout_basic, minmay_stone_trees_small, nicolae_wwwww
Temple:   nicolae_temple_god_jail
Lair:1:   layout_gridlike
Lair:2:   layout_regular_city, minmay_shoals_entry_centaurs, basic_altar,
          chequers_serial_rivers_micro_a, grunt_megastairs_3, lemuel_fruit_tree
Lair:3:   gammafunk_lair_enchanted_lake, layout_chaotic_city,
          chequers_serial_rivers_micro_e, uniq_gastronok, uniq_sonja
Lair:4:   layout_layer_cave, spider_nest_entry_web_field,
          nicolae_volcano_entry_hallway, uniq_josephine
Lair:5:   layout_layer_cave, minmay_slime_entry_pillars
Lair:6:   hangedman_lair_in_review, layout_hall_layers, gammafunk_ghost_ooze
Shoals:1: nicolae_shoals_lighthouse, layout_shoals, nicolae_shoals_undead_eyrie

Skill      XL: |  1  2  3  4  5  6  7  8  9 10 11 12 13 14 15 |
---------------+----------------------------------------------+-----
Long Blades    | 4 5 6 7 8 10 11 13 14 15 17 18 | 18.7
Armour         | 1 2 3 4 5 7 8 10 12 14 15 16 | 16.2
Fighting       | 3 4 5 6 7 9 11 12 14 16 | 16.3
Invocations    | 1 2 3 4 6 7 8 |  8.0
Throwing       | 3 |  3.1
Dodging        | |  3.2

Action                   |  1- 3 |  4- 6 |  7- 9 | 10-12 | 13-15 || total
-------------------------+-------+-------+-------+-------+-------++-------
Melee: Long sword        |    42 |    52 |   123 |   485 |   169 ||   871
       Headbutt          |    12 |    11 |    39 |   138 |   194 ||   394
       Dagger            |    18 |       |       |       |       ||    18
       Punch             |       |       |     1 |     8 |     1 ||    10
       Great sword       |       |       |       |       |   379 ||   379
Throw: Throwing net      |       |     1 |       |       |       ||     1
       Boomerang         |       |       |       |     6 |       ||     6
Invok: Heroism           |       |       |     3 |    18 |    16 ||    37
       Finesse           |       |       |       |     4 |     6 ||    10
  Use: Scroll            |     2 |       |    17 |     7 |     3 ||    29
       Potion            |       |       |       |     5 |     1 ||     6
 Stab: Sleeping          |     1 |       |     1 |       |       ||     2
       Distracted        |       |       |     3 |     2 |       ||     5
Armor: Leather armour    |     9 |     9 |    36 |     2 |       ||    56
       Crystal plate arm |       |       |       |   469 |   488 ||   957
       Plate armour      |       |       |       |       |     1 ||     1
Dodge: Dodged            |    28 |    42 |    67 |   166 |   270 ||   573
       Rpst.: Long sword |     6 |    15 |    20 |    29 |    29 ||    99
       Great sword       |       |       |       |       |    39 ||    39
